 Dungeon Crawl Stone Soup version 0.30-a0-808-g6e0788376e (webtiles) character file.

Game seed: 3796912359408644877

74 BlueFish the Sneak (level 4, -1/32 HPs)
             Began as a Vampire Enchanter on Feb 25, 2023.
             Slain by a gnoll
             ... wielding a +0 spear
              (5 damage)
             ... on level 2 of the Dungeon.
             The game lasted 00:02:30 (1008 turns).

BlueFish the Sneak (Vampire Enchanter)              Turns: 1008, Time: 00:02:31

Health: -1/32      AC:  5    Str:  7    XL:     4   Next: 9%
Magic:  7/7        EV: 12    Int: 17    God:
Gold:   126        SH:  0    Dex: 16    Spells: 2/7 levels left

rFire   . . .      SeeInvis +    j - +1 short sword (flame)
rCold   . . .      Faith    .    (no shield)
rNeg    . . .      Spirit   .    b - +0 robe
rPois   .          Reflect  .    (no helmet)
rElec   .          Harm     .    (no cloak)
rCorr   .          Rampage  .    (no gloves)
Will    .....                    k - +2 pair of boots
Stlth   +++                      (no amulet)
HPRegen 0.45/turn                (no ring)
MPRegen 0.10/turn                (no ring)

@: healing quickly
A: alive, fangs 3, see invisible, vampiric 2
a: Exsanguinate


You were on level 2 of the Dungeon.
You visited 1 branch of the dungeon, and saw 2 of its levels.

You collected 126 gold pieces.

Inventory:

Hand Weapons
 a - a +1 dagger
 j - a +1 short sword of flaming (weapon)
Armour
 b - a +0 robe (worn)
 k - a +2 pair of boots (worn)
Scrolls
 d - 2 scrolls of teleportation {unknown}
 e - a scroll of identify {unknown}
 f - a scroll of butterflies {unknown}
 i - a scroll of immolation {unknown}
Potions
 c - 2 potions of invisibility
 g - a potion of flight {unknown}
 h - a potion of attraction {unknown}
 l - a potion of magic {unknown}


   Skills:
 + Level 1.1 Fighting
 + Level 2.0 Short Blades
 + Level 0.6 Armour
 + Level 2.5 Dodging
 + Level 5.1 Stealth
 + Level 2.3 Spellcasting
 + Level 4.9 Hexes


You had 2 spell levels left.
You knew the following spells:

 Your Spells              Type           Power      Damage    Failure   Level
a - Ensorcelled Hibernat  Hex/Ice        20%        N/A       10%         2
b - Confusing Touch       Hex            18%        N/A       8%          3

Your spell library contained the following spells:

 Spells                   Type           Power      Damage    Failure   Level
 Blink                    Tloc           4%         N/A       28%         2
 Lesser Beckoning         Tloc           4%         N/A       28%         2
 Momentum Strike          Conj/Tloc      4%         3d8       28%         2
 Tukima's Dance           Hex            18%        N/A       8%          3
 Dazzling Flash           Conj/Hex       20%        N/A       21%         3


Dungeon Overview and Level Annotations

Branches:
Dungeon (2/15)

Altars:


Innate Abilities, Weirdness & Mutations

Your natural rate of healing is accelerated.
You have razor-sharp teeth.
You have supernaturally acute eyesight. (SInv)
You are afflicted with vampirism and can become a bat while bloodless.


Message History

You see here a bat corpse.
You hit the gnoll. You burn the gnoll.
The gnoll is heavily wounded.
You hit the gnoll. You burn the gnoll.
The gnoll is moderately wounded.
The gnoll closely misses you. The gnoll barely misses you.
The gnoll attacks as you move away! The gnoll closely misses you.
The gnoll attacks as you move away! The gnoll barely misses you.
You hit the gnoll. You burn the gnoll.
The gnoll is heavily wounded.
The gnoll hits you with a +0 whip.
The gnoll hits you from afar with a +0 spear.
You hit the gnoll but do no damage.
The gnoll is heavily wounded.
You hit the gnoll. You burn the gnoll.
You kill the gnoll!
The gnoll closely misses you.
Your Short Blades skill increases to level 2!
You have reached level 4!
You hit the gnoll but do no damage. The gnoll barely misses you.
The gnoll completely misses you.
You hit the gnoll but do no damage.
The gnoll hits you from afar with a +0 spear.
The gnoll hits you with a +0 whip. The gnoll closely misses you.
You hit the gnoll. You burn the gnoll. You bite the gnoll, but do no damage.
The gnoll is lightly wounded.
The gnoll barely misses you. The gnoll hits you with a +0 whip.
The gnoll closely misses you.
You hit the gnoll. You burn the gnoll.
The gnoll is severely wounded.
The gnoll hits you but does no damage. The gnoll hits you with a +0 whip.
The gnoll hits you from afar with a +0 spear.
* * * LOW HITPOINT WARNING * * *
You hit the gnoll. You burn the gnoll.
The gnoll is almost dead.
The gnoll hits you from afar with a +0 spear.
* * * LOW HITPOINT WARNING * * *
The gnoll barely misses you.
The gnoll hits you from afar with a +0 spear.
You die...

...#####+#...#
#.#.........#
#...........# ##
##........### #.
####.......# #.
...........# #.
...........# #.
.......#..#########
#.
###.......@gg......
#.
#.####.###g......
#. #. #.# .......
#. . #.# ##...## ##
# #.# ##.# # #.# ..
# #.# ? #.# #.#


You could see 3 gnolls.

Vanquished Creatures
  A gnoll (D:2)
  An adder (D:2)
  A worm (D:2)
  2 dart slugs (D:1)
  3 ball pythons (D:1)
  7 endoplasms
  3 giant cockroaches (D:1)
  4 goblins
  A hobgoblin (D:1)
  4 jackals (D:1)
  5 kobolds
  2 quokkas
  3 bats
  2 frilled lizards (D:2)
  3 rats
42 creatures vanquished.

Notes
Turn   | Place    | Note
-------+----------+-------------------------------------------
     0 | D:1      | BlueFish the Vampire Enchanter began the quest for the Orb.
     0 | D:1      | Reached XP level 1. HP: 13/13 MP: 3/3
    85 | D:1      | Reached XP level 2. HP: 19/19 MP: 5/5
    90 | D:1      | Learned a level 2 spell: Ensorcelled Hibernation
   327 | D:1      | Gained mutation: You are afflicted with vampirism and can
                  | become a bat while bloodless. [Vampire growth]
   327 | D:1      | Reached XP level 3. HP: 25/25 MP: 6/6
   697 | D:2      | Learned a level 3 spell: Confusing Touch
   737 | D:2      | Reached skill level 1 in Fighting
   809 | D:2      | Reached skill level 5 in Stealth
  1004 | D:2      | Reached XP level 4. HP: 22/32 MP: 7/7
  1008 | D:2      | Slain by a gnoll

Illustrated notes

Levels and vault maps discovered:
D:1:      ncdulo_smallfort, layout_rooms
D:2:      layout_basic

Skill      XL: |  1  2  3 |
---------------+----------+-----
Fighting       | 1 |  1.1
Stealth        | 5 |  5.1
Short Blades   | 2 |  2.0
Armour         | |  0.6
Dodging        | |  2.5
Spellcasting   | |  2.3
Hexes          | |  4.9

Action                     |  1- 3 |  4- 6 || total
---------------------------+-------+-------++-------
  Melee: Dagger            |   108 |       ||   108
         Bite              |     8 |     1 ||     9
         Punch             |     2 |       ||     2
         Short sword       |    33 |     5 ||    38
   Cast: Ensorcelled Hiber |     4 |       ||     4
   Stab: Sleeping          |     9 |       ||     9
 Armour: Robe              |    18 |     1 ||    19
  Dodge: Dodged            |    93 |     6 ||    99

Table legend: (Time is in decaauts)
 A = Elapsed time spent in this place.
 B = Non-inter-level travel time spent in this place.
 C = Inter-level travel time spent in this place.
 D = Time resting spent in this place.
 E = Time spent auto-exploring this place.
 F = Levels seen in this place.
 G = Mean time per level.
                   A        B        C        D        E       F      G
               +--------+--------+--------+--------+--------+-----+--------+
         Total |    996 |    969 |     27 |      0 |    601 |   2 |  498.0 |
       Dungeon |    996 |    969 |     27 |      0 |    601 |   2 |  498.0 |
               +--------+--------+--------+--------+--------+-----+--------+

Top non-repeatable levels by time:
     D:1: 678 daAuts
     D:2: 318 daAuts
